 Dungeon Sprint DCSS version 0.16-a0-3803-gd4b2de5 (console) character file.

2559 Monkaria the Fencer (level 9, -6/86 HPs)
             Began as a Hill Orc Fighter on Jan 26, 2015.
             Was a High Priest of Makhleb.
             Mangled by a balrug
             ... wielding a +2 demon whip of venom
             ... summoned by the player character
              (17 damage)
             ... in the Dungeon (Sprint IX: "|||||||||||||||||||||||||||||").
             The game lasted 00:02:48 (808 turns).

Monkaria the Fencer (Hill Orc Fighter)               Turns: 808, Time: 00:02:49

Health: -6/86      AC: 12    Str: 22    XL:     9   Next: 56%
Magic:  25/25      EV:  7    Int:  8    God:    Makhleb [*****.]
Gold:   21         SH:  9    Dex: 13    Spells: 0 memorised, 8 levels left

rFire  . . .     SeeInvis .     p - +2 scimitar (holy)
rCold  . . .     Clarity  .     r - +1 scale mail
rNeg   . . .     SustAb   .     c - +0 shield
rPois  .         Gourm    .     (no helmet)
rElec  .         Spirit   .     a - +0 cloak
rCorr  .         Warding  .     q - +0 pair of gloves
rMut   .         NoTele   +     (no boots)
MR     .....                    (no amulet)
Stlth  ..........               t - +3 ring of dexterity
                                s - +2 ring of protection

@: not resistant to hostile enchantments, extremely unstealthy
A: no striking features
a: Minor Destruction, Lesser Servant of Makhleb, Major Destruction, Greater
Servant of Makhleb, Renounce Religion


You were in the Dungeon.
You worshipped Makhleb.
Makhleb was extremely pleased with you.
You were not hungry.

You visited 1 branch You collected 21 gold pieces.

Inventory:

Hand weapons
 p - a +2 scimitar of holy wrath (weapon)
Armour
 a - a +0 cloak (worn)
 c - a +0 shield (worn)
 q - a +0 pair of gloves (worn)
 r - a +1 scale mail (worn)
Jewellery
 s - a +2 ring of protection (left hand)
 t - a +3 ring of dexterity (right hand)
Magical devices
 o - a wand of cold (7)
Scrolls
 k - 2 scrolls of blinking
 m - 3 scrolls of remove curse
 n - 2 scrolls of amnesia
 y - 4 scrolls of identify
 z - 4 scrolls of enchant weapon
 A - a scroll of fear
Potions
 e - a potion of might
 f - 5 potions of curing
 g - a potion of invisibility
 h - a potion of haste
 i - 4 potions of magic
 j - a potion of berserk rage
 l - 6 potions of heal wounds
 u - a potion of agility
 v - a potion of resistance
 w - a potion of brilliance
Miscellaneous
 x - a plain deck of defence
Comestibles
 d - a meat ration


   Skills:
 - Level 10.5 Fighting
 - Level 16.4 Long Blades
 - Level 3.2 Armour
 - Level 3.2 Shields
 + Level 14.8 Invocations
 + Level 0.0 Evocations


You had 8 spell levels left.
You didn't know any spells.

Dungeon Overview and Level Annotations

Branches:
Dungeon (1/1)

Altars:
Cheibriados
Dithmenos
Elyvilon
Fedhas
Gozag
Kikubaaqudgha
Makhleb
Nemelex Xobeh
Okawaru
Qazlal
Ru
Sif Muna
Trog
Vehumet
Xom
Yredelemnul
Zin
The Shining One
Beogh
Jiyva
Lugonu


Message History

The blink frog momentarily phases out as your attack passes through it.
The blink frog is almost dead.
The blink frog blinks!
You miss the blink frog.
The blink frog is almost dead.
The blink frog hits you!
* * * LOW HITPOINT WARNING * * *
Use which ability? (? or * to list)
Okay, then.
Unknown command.
Unknown command.
Unknown command.
Unknown command.
You miss the blink frog.
The blink frog is almost dead.
The blink frog barely misses you.
The balrug hits you with a demon whip of venom!
* * * LOW HITPOINT WARNING * * *
You are engulfed in flames!
You die...

▓Y▓.▓_▓
▓.▓.▓_▓
▓S▓.▓_▓
▓.▓.▓_▓
▓D▓.▓_▓
▓F▓.▓_▓
▓l▓.▓_▓
▓2▓.▓_▓
▓@▓.▓_▓
▓F▓.▓_▓
▓.▓.▓_▓
▓.▓.▓_▓
▓.▓.▓_▓
▓.▓.▓_▓
▓.▓.▓_▓
▓'▓.▓_▓
▓.▓.▓_▓


You could see a balrug, a spiny frog, a basilisk, a blink frog, a wyvern, a
sheep and an adder.

Vanquished Creatures
  2 spiny frogs (D)
  A kobold demonologist (D)
  A black mamba (D)
  A hellwing (D)
  A troll (D)
  A polar bear (D)
  A hungry ghost (D)
  A porcupine (D)
  A water moccasin (D)
  2 centaurs (D)
  A big kobold (D)
  A crocodile (D)
  A giant frog (D)
  A wight (D)
  2 jellies (D)
  2 hounds (D)
  An iguana (D)
  An orc wizard (D)
  A river rat (D)
  A worm (D)
  An adder skeleton (D)
  An orc (D)
  A giant cockroach (D)
  A kobold (D)
  A bat (D)
  A giant newt (D)
  A goblin (D)
  A rat (D)
32 creatures vanquished.

Vanquished Creatures (others)
  A blizzard demon (D)
1 creature vanquished.

Grand Total: 33 creatures vanquished

Notes
Turn   | Place    | Note
--------------------------------------------------------------
     0 | D        | Monkaria, the Hill Orc Fighter, began the quest for the Orb.
     0 | D        | Reached XP level 1. HP: 19/19 MP: 1/1
    18 | D        | Reached skill level 4 in Fighting
    37 | D        | Noticed a jelly
    37 | D        | Noticed a hound
    40 | D        | Reached XP level 2. HP: 25/28 MP: 2/2
    52 | D        | Killed a hound
    52 | D        | Reached skill level 5 in Fighting
    52 | D        | Reached skill level 6 in Long Blades
    52 | D        | Reached XP level 3. HP: 34/37 MP: 3/3
    66 | D        | Killed a jelly
    66 | D        | Reached skill level 7 in Long Blades
    66 | D        | Reached XP level 4. HP: 42/45 MP: 4/4
    93 | D        | Found a glowing silver altar of Zin.
    93 | D        | Found a glowing golden altar of the Shining One.
    93 | D        | Found an ancient bone altar of Kikubaaqudgha.
    93 | D        | Found a basalt altar of Yredelemnul.
    93 | D        | Found a shimmering altar of Xom.
    93 | D        | Found a radiant altar of Vehumet.
    93 | D        | Found an iron altar of Okawaru.
    94 | D        | Found a burning altar of Makhleb.
    95 | D        | Found a deep blue altar of Sif Muna.
    96 | D        | Found a bloodstained altar of Trog.
    97 | D        | Found a sparkling altar of Nemelex Xobeh.
    98 | D        | Found a white marble altar of Elyvilon.
    99 | D        | Found a roughly hewn altar of Beogh.
   100 | D        | Found a viscous altar of Jiyva.
   101 | D        | Found a corrupted altar of Lugonu.
   102 | D        | Found a blossoming altar of Fedhas.
   103 | D        | Became a worshipper of Makhleb the Destroyer
   104 | D        | Found a snail-covered altar of Cheibriados.
   105 | D        | Found a shadowy altar of Dithmenos.
   106 | D        | Found a stormy altar of Qazlal.
   107 | D        | Found an opulent altar of Gozag.
   108 | D        | Found a sacrificial altar of Ru.
   162 | D        | Noticed a centaur
   162 | D        | Noticed an orc wizard
   162 | D        | Noticed a troll
   162 | D        | Noticed a big kobold
   162 | D        | Noticed a jelly
   167 | D        | Killed a jelly
   167 | D        | Reached skill level 8 in Long Blades
   190 | D        | Killed an orc wizard
   190 | D        | Acquired Makhleb's first power
   190 | D        | Reached skill level 9 in Long Blades
   190 | D        | Reached XP level 5. HP: 44/53 MP: 5/5
   193 | D        | Killed a big kobold
   193 | D        | Reached skill level 10 in Long Blades
   201 | D        | Killed a troll
   201 | D        | Acquired Makhleb's second power
   201 | D        | Reached skill level 10 in Fighting
   201 | D        | Reached skill level 12 in Long Blades
   201 | D        | Reached XP level 6. HP: 36/67 MP: 6/6
   201 | D        | Reached XP level 7. HP: 39/73 MP: 7/7
   206 | D        | Killed a centaur
   206 | D        | Reached skill level 13 in Long Blades
   332 | D        | Noticed a kobold demonologist
   332 | D        | Noticed a giant frog
   332 | D        | Noticed an iguana
   332 | D        | Noticed a centaur
   332 | D        | Noticed a hungry ghost
   332 | D        | Noticed a wight
   334 | D        | Killed a wight
   338 | D        | Noticed a smoke demon
   341 | D        | Killed a hungry ghost
   341 | D        | Acquired Makhleb's third power
   341 | D        | Reached skill level 14 in Long Blades
   348 | D        | Killed a centaur
   348 | D        | Reached skill level 15 in Long Blades
   349 | D        | Noticed a hellwing
   350 | D        | Killed an iguana
   359 | D        | Noticed a rust devil
   362 | D        | Killed a hellwing
   364 | D        | Killed a giant frog
   364 | D        | Acquired Makhleb's fourth power
   364 | D        | Reached XP level 8. HP: 53/80 MP: 8/8
   374 | D        | Killed a kobold demonologist
   374 | D        | Reached skill level 16 in Long Blades
   540 | D        | Noticed a water moccasin
   540 | D        | Noticed a spiny frog
   540 | D        | Noticed a crocodile
   540 | D        | Noticed a porcupine
   540 | D        | Noticed a hound
   540 | D        | Noticed a black mamba
   542 | D        | Killed a black mamba
   545 | D        | Noticed a spiny frog
   546 | D        | Killed a hound
   546 | D        | Acquired Makhleb's fifth power
   547 | D        | Noticed a polar bear
   549 | D        | Killed a porcupine
   552 | D        | Killed a crocodile
   556 | D        | Killed a spiny frog
   556 | D        | Reached XP level 9. HP: 86/86 MP: 9/23
   565 | D        | Killed a water moccasin
   569 | D        | Killed a spiny frog
   582 | D        | Killed a polar bear
   797 | D        | Noticed a komodo dragon
   797 | D        | Noticed a wyvern
   797 | D        | Noticed a spiny frog
   797 | D        | Noticed a basilisk
   797 | D        | Noticed a blink frog
   801 | D        | Noticed a porcupine
   802 | D        | Noticed a balrug
   808 | D        | Mangled by a balrug

Action                   |  1- 3 |  4- 6 |  7- 9 || total
-------------------------+-------+-------+-------++-------
Melee: Long sword        |    46 |       |       ||    46
       Scimitar          |       |    26 |    91 ||   117
Invok: Greater Servant o |       |       |     2 ||     2
  Use: Potion            |     1 |       |       ||     1
  Eat: Chunk             |       |       |     1 ||     1
